 Dungeon Crawl Stone Soup version 0.26-a0-958-gf3041fb45f (webtiles) character file.

Game seed: 10221476498720452595

14 PentaManta the Cutter (level 2, -1/20 HPs)
             Began as a Halfling Monk on Nov 30, 2020.
             Slain by an ooze (3 damage)
             ... on level 1 of the Dungeon.
             The game lasted 00:00:33 (299 turns).

PentaManta the Cutter (Halfling Monk)                Turns: 299, Time: 00:00:33

Health: -1/20      AC:  2    Str: 12    XL:     2   Next: 55%
Magic:  2/2        EV: 16    Int:  8    God:
Gold:   13         SH:  0    Dex: 16    Spells: 1/1 levels left

rFire    . . .     SeeInvis .   a - +0 short sword
rCold    . . .     Faith    .   (shield restricted)
rNeg     . . .     Spirit   .   b - +0 robe
rPois    .         Reflect  .   (no helmet)
rElec    .         Harm     .   (no cloak)
rCorr    .         Rampage  .   (no gloves)
MR       .....                  (no boots)
Stlth    ++........             (no amulet)
HPRegen  0.06/turn              (no ring)
MPRegen  0.08/turn              (no ring)

@: no status effects
A: small, mutation resistance 1
a: no special abilities


You were on level 1 of the Dungeon.
You visited 1 branch of the dungeon, and saw 1 of its levels.

You collected 13 gold pieces.

Inventory:

Hand Weapons
 a - a +0 short sword (weapon)
Armour
 b - a +0 robe (worn)
Scrolls
 c - a scroll of identify {unknown}


   Skills:
 + Level 2.9 Fighting
 - Level 3.6 Short Blades
 + Level 1.1 Armour
 + Level 3.6 Dodging
 - Level 2.1 Stealth


You had one spell level left.
You didn't know any spells.
Your spell library was empty.

Dungeon Overview and Level Annotations

Branches:
Dungeon (1/15)

Altars:


Innate Abilities, Weirdness & Mutations

You are small and have problems with some larger weapons.
You are somewhat resistant to further mutation.


Message History

You hit the rat.
The rat is heavily wounded.
The rat completely misses you. The ooze barely misses you.
You barely miss the rat.
The rat is heavily wounded.
The rat bites you. The ooze completely misses you.
You barely miss the rat.
The rat is heavily wounded.
The rat closely misses you. The ooze completely misses you.
You hit the rat.
You kill the rat!
The ooze barely misses you.
You hit the hobgoblin but do no damage. The hobgoblin hits you with a +0 club.
* * * LOW HITPOINT WARNING * * *
The ooze hits you.
* * * LOW HITPOINT WARNING * * *
You barely miss the hobgoblin. The hobgoblin hits you with a +0 club.
* * * LOW HITPOINT WARNING * * *
The ooze hits you.
You die...

###.# #....###
##.... ###.#....#
......####...#.##.#
#........#....†# ..#
#.........####.# ..#
#..............##
#.#
.....#.#####...###.#
.... #..## ##gJ....#
.... ##..####@###.##
... ##......# .# ...
#......# (.
####.####.....# #
#.......#.....#
..............#
........).....#
......÷.......###K.
..................


You could see an ooze and a hobgoblin.

Vanquished Creatures
  A leopard gecko (D:1)
  A giant cockroach (D:1)
  3 goblins (D:1)
  2 hobgoblins (D:1)
  2 kobolds (D:1)
  A bat (D:1)
  A rat (D:1)
11 creatures vanquished.

Notes
Turn   | Place    | Note
-------+----------+-------------------------------------------
     0 | D:1      | PentaManta the Halfling Monk began the quest for the Orb.
     0 | D:1      | Reached XP level 1. HP: 15/15 MP: 1/1
   238 | D:1      | Reached XP level 2. HP: 20/20 MP: 2/2
   257 | D:1      | Reached skill level 1 in Armour
   299 | D:1      | Slain by an ooze

Illustrated notes

Levels and vault maps discovered:
D:1:      kennysheep_arrival_forest, layout_rooms,
          nemelex_xobeh_ov_fountains_minmay

Skill      XL: |  1  2 |
---------------+-------+-----
Armour         | 1 |  1.1
Fighting       | |  2.9
Short Blades   | |  3.6
Dodging        | |  3.6
Stealth        | |  2.1

Action                   || total
-------------------------++-------
Melee: Short sword       ||    49
 Stab: Sleeping          ||     2
Armor: Robe              ||     6
Dodge: Dodged            ||    73

Table legend: (Time is in decaauts)
 A = Elapsed time spent in this place.
 B = Non-inter-level travel time spent in this place.
 C = Inter-level travel time spent in this place.
 D = Time resting spent in this place.
 E = Time spent auto-exploring this place.
 F = Levels seen in this place.
 G = Mean time per level.
                   A        B        C        D        E       F      G
               +--------+--------+--------+--------+--------+-----+--------+
         Total |    295 |    295 |      0 |    179 |     31 |   1 |  295.0 |
       Dungeon |    295 |    295 |      0 |    179 |     31 |   1 |  295.0 |
               +--------+--------+--------+--------+--------+-----+--------+

Top non-repeatable levels by time:
     D:1: 295 daAuts
